[Event "*** Titled Tuesday Blitz"]
[Site "Chess.com"]
[Date "2018.07.03"]
[Round "6"]
[White "maheswaran26"]
[Black "chesstatour"]
[Result "1-0"]
[WhiteElo "2003"]
[BlackElo "2032"]
[TimeControl "180+2"]
[EndTime "14:18:24 PDT"]
[Termination "maheswaran26 won by resignation"]

1. d4 f5 2. Nf3 Nf6 3. g3 g6 4. Bg2 Bg7 5. O-O O-O 6. c4 d6 7. Nc3 c6 8. d5 Bd7 9. Nd4 Qc8 10. Bg5 Na6 11. Rc1 Rb8 12. a3 Nc5 13. b4 e5 14.
dxe6 Nxe6 15. Nxe6 Bxe6 16. Qxd6 Bxc4 17. Qc5 Be6 18. b5 cxb5 19. Qxa7 Ra8 20. Qxb7 Qxb7 21. Bxb7 Rxa3 22. Nxb5 Ra2 23. Nd4 Bd5 24. Bxf6 Bxb7 25. Bxg7 Kxg7 26. Rc7+ Rf7 27. Ne6+ Kf6 28. Rxf7+ Kxf7 29. Nd8+ Kf6 30. Nxb7 Rxe2 31. Nc5 f4 32. Nd3 fxg3 33.
hxg3 g5 34. Kg2 Rd2 35. Nc5 Kg6 36. Ne4 Rd5 37. Rc1 Kf5 38. Nc3 Rc5 39. Ne2 Ra5 40. Nd4+ Ke4 41. Nc6 Ra2 42. Rc4+ Kd3 43. Nb4+ Kxc4 44.
Nxa2 Kb3 45. Nc1+ Kc2 46. Ne2 Kd3 47. Ng1 g4 48. Nf3 gxf3+ 49. Kxf3 Kd4 50. Kf4 Kd5 51. Kf5 Kd6 52. f4 Ke7 53. g4 Kf7 54. g5 Kg7 55. Ke6 h6 56. gxh6+ Kxh6 57. f5 Kg7 58. Ke7 1-0

[Event "*** Titled Tuesday Blitz"]
[Site "Chess.com"]
[Date "2018.07.03"]
[Round "6"]
[White "sergiochess83"]
[Black "Fandorine"]
[Result "0-1"]
[WhiteElo "2730"]
[BlackElo "2750"]
[TimeControl "180+2"]
[EndTime "14:18:35 PDT"]
[Termination "Fandorine won by checkmate"]

1. e4 c5 2. Nf3 e6 3. d4 cxd4 4.
Nxd4 Nc6 5. Nc3 Qc7 6. a3 a6 7. Be3 Nf6 8. f4 d6 9. Qf3 Be7 10. Nxc6 bxc6 11. O-O-O Rb8 12. g4 d5 13. g5 Nd7 14. exd5 cxd5 15. Bd4 O-O 16. Bd3 Bc5 17.
Qh3 g6 18. Bxg6 Qxf4+ 19. Kb1 fxg6 20. Rhf1 Qxf1 21. Rxf1 Rxf1+ 22. Qxf1 Bxd4 23. Qd3 Bg7 24. h4 Ne5 25. Qg3 Bd7 26. Ne2 Nc6 27. b3 e5 28.
Qd3 d4 29. Ng3 a5 30. h5 gxh5 31. Nxh5 Be8 32. Nf6+ Bxf6 33. gxf6 Kf7 34. Qf5 h5 35. Qg5 Ke6 36. Qg8+ Bf7 37. Qg2 Nd8 38. Qf3 Rc8 39. Kb2 Rc3 40. Qa8 Nc6 41. Qc8+ Kxf6 42. Qh8+ Kg6 43.
Qc8 a4 44. bxa4 h4 45. Qg4+ Kf6 46. Qxh4+ Ke6 47. Qh6+ Kd5 48. Qf6 Be6 49. Qf8 Rc5 50.
Qe8 e4 51. Qh5+ Ne5 52. Qg5 Rc8 53. a5 d3 54. cxd3 exd3 55. a6 Rc2+ 56. Kb3 Kd4+ 57. Ka4 Bd7+ 58. Kb4 Rb2+ 59. Ka5 Nc4# 0-1

[Event "*** Titled Tuesday Blitz"]
[Site "Chess.com"]
[Date "2018.07.03"]
[Round "6"]
[White "ahmadzada13"]
[Black "Vamostodorecto"]
[Result "1/2-1/2"]
[WhiteElo "2496"]
[BlackElo "2364"]
[TimeControl "180+2"]
[EndTime "14:18:39 PDT"]
[Termination "Game drawn by repetition"]

1. e4 e5 2. Nf3 Nc6 3. Bc4 Bc5 4. c3 Nf6 5. d4 exd4 6. cxd4 Bb4+ 7. Bd2 Bxd2+ 8.
Nbxd2 d5 9. exd5 Nxd5 10. Qb3 Nce7 11. O-O O-O 12. Rfe1 c6 13. Rac1 Qb6 14. Ne4 Qxb3 15. Bxb3 Nf4 16. Nf6+ gxf6 17. Rxe7 Bg4 18. Re4 Nh3+ 19.
gxh3 Bxf3 20. Rf4 Bh5 21. Rxf6 Rae8 22. Rc5 Bg6 23. h4 Kg7 24. Rf4 Re1+ 25. Kg2 h5 26. Rg5 Kh6 27. Rf6 Kg7 28. Rf4 Kh6 29. d5 Be4+ 30. Kh3 f6 31. Rg3 cxd5 32. f3 Bg6 33.
Bxd5 Re2 34. Be4 f5 35. Bd3 Rxb2 36. Rd4 Rf6 37. Rd8 f4 38. Rxg6+ Rxg6 39. Bxg6 Kxg6 40.
a4 Rf2 41. Rd6+ Kf5 42. Rd5+ Kg6 43. Rd6+ Kf5 44. Rd5+ Ke6 45. Rxh5 Rxf3+ 46. Kg4 Ra3 47. Rh7 Rxa4 48. Rxb7 f3+ 49. Kxf3 Rxh4 50. Kg3 Ra4 51. h4 Kf6 52. Rc7 Kg6 53. Rc6+ Kh5 54. Rc5+ Kg6 55. Rg5+ Kh6 56. Rb5 Kg6 57. Rb7 a5 58. Ra7 Ra3+ 59.
Kg4 Ra4+ 60. Kg3 Ra3+ 61. Kg4 Ra4+ 62. Kg3 Ra3+ 63. Kg4 Ra4+ 64. Kg3 Ra3+ 65. Kg4 Ra4+ 66. Kg3 1/2-1/2

[Event "*** Titled Tuesday Blitz"]
[Site "Chess.com"]
[Date "2018.07.03"]
[Round "6"]
[White "TenisMaster"]
[Black "Kimster98"]
[Result "1/2-1/2"]
[WhiteElo "2735"]
[BlackElo "2510"]
[TimeControl "180+2"]
[EndTime "14:18:41 PDT"]
[Termination "Game drawn - insufficient material"]

1. e4 e5 2. Nf3 Nc6 3. Bb5 Nf6 4. d3 Bc5 5. c3 O-O 6. O-O d5 7. exd5 Qxd5 8. Bc4 Qd6 9. b4 Bb6 10. a4 a5 11. b5 Ne7 12. Nbd2 Ng6 13. Ne4 Nxe4 14. dxe4 Qxd1 15. Rxd1 Bc5 16. h3 h6 17. Ba3 Bxa3 18. Rxa3 b6 19. Ra2 Bb7 20. Bd5 Rfd8 21. Rad2 Bxd5 22. Rxd5 Rxd5 23. Rxd5 Rc8 24. Nxe5 Nxe5 25.
Rxe5 c6 26. f3 cxb5 27. Rxb5 Rxc3 28. Rxb6 Rc4 29. h4 Rxa4 30. Ra6 h5 31. Kh2 g6 32. Kg3 Ra2 33. Ra8+ Kg7 34. Ra6 Kg8 35. Kh3 Kg7 36.
g4 hxg4+ 37. Kxg4 Rg2+ 38. Kf4 Rh2 39. Kg3 Ra2 40. e5 a4 41. Ra7 Kg8 42. Kf4 a3 43.
Kg5 Rc2 44. Kh6 Kf8 45. Rxa3 Re2 46. Ra8+ Ke7 47. Kg7 Rxe5 48. Ra7+ Ke6 49. Rxf7 Rh5 50. Rf4 Ke5 51. Rg4 Kf5 52. Ra4 g5 53. Ra5+ Kf4 54.
Kg6 Rxh4 55. Rf5+ Kg3 56. Kxg5 Rh8 57. Rf7 Rg8+ 58. Kh6 Kf2 59. f4 Kf3 60. f5 Kf4 61. Rf6 Rg5 62. Rf8 Rxf5 63. Rxf5+ Kxf5 1/2-1/2

[Event "*** Titled Tuesday Blitz"]
[Site "Chess.com"]
[Date "2018.07.03"]
[Round "6"]
[White "Artur0208"]
[Black "Last7Samurai"]
[Result "1/2-1/2"]
[WhiteElo "2472"]
[BlackElo "2608"]
[TimeControl "180+2"]
[EndTime "14:18:50 PDT"]
[Termination "Game drawn by stalemate"]

1. d4 f5 2. c4 Nf6 3. Nc3 d6 4. Nf3 g6 5. g3 Bg7 6. Bg2 O-O 7.
O-O c6 8. d5 e5 9. dxe6 Bxe6 10. Qd3 Re8 11. Nd4 Bf7 12. Bf4 Na6 13. Nb3 d5 14. cxd5 Nb4 15. Qd2 Nbxd5 16. Rfd1 Nxf4 17. Qxf4 Qe7 18. Qd6 Qxd6 19. Rxd6 Ne4 20. Bxe4 fxe4 21. Nc5 Bf8 22. Nxb7 Bxd6 23. Nxd6 Reb8 24.
b3 e3 25. fxe3 a5 26. e4 Be6 27. Kf2 Rd8 28. e5 Rf8+ 29. Ke3 a4 30. b4 a3 31. Nce4 Bd5 32. Nf6+ Kg7 33. Kd4 Be6 34. Kc5 Rfb8 35.
e4 Ra4 36. Nfe8+ Kh6 37. Nc7 Bg4 38. b5 cxb5 39. e6 Bxe6 40. Nxe6 Ra6 41. Nc7 Ra4 42. Ncxb5 Raa8 43. Kd5 Rf8 44. Rb1 Rf2 45. Nc3 Rd2+ 46. Ke6 Ra6 47. e5 Rxh2 48. Rb3 Rb2 49. Rxb2 axb2 50.
Kf6 Rxa2 51. g4 Ra6 52. Nb1 Rb6 53. Nc3 Rc6 54. Nb1 g5 55. Nd2 Rb6 56. Nb1 Rc6 57. Na3 Rb6 58. Nb1 Rc6 59. Nc3 Rxd6+ 60. exd6 b1=Q 61.
Nxb1 1/2-1/2

[Event "*** Titled Tuesday Blitz"]
[Site "Chess.com"]
[Date "2018.07.03"]
[Round "6"]
[White "vovachesss"]
[Black "chessking2151"]
[Result "0-1"]
[WhiteElo "2422"]
[BlackElo "2461"]
[TimeControl "180+2"]
[EndTime "14:18:55 PDT"]
[Termination "chessking2151 won by resignation"]

1. Nf3 Nf6 2. b3 e6 3. Bb2 d5 4. g3 c5 5. Bg2 Bd6 6. O-O O-O 7. d3 Nc6 8. e3 b6 9. Qe2 Bb7 10. c4 Qe7 11. Nc3 dxc4 12. dxc4 Rfd8 13. Rad1 Rac8 14. e4 Ne5 15. Nb5 Nxf3+ 16. Bxf3 Bb8 17. e5 Ne8 18. Be4 a6 19. Nc3 Rd4 20. Bb1 Rcd8 21. Ne4 Bxe5 22. Bxd4 Bxd4 23. Nd2 Nf6 24. Ne4 Ne8 25. h4 Ba8 26.
Ng5 Nf6 27. Ne4 Qb7 28. Rde1 Ne8 29. Kh2 f5 30. f3 fxe4 31. Bxe4 Qe7 32. Bxa8 Rxa8 33.
Qxe6+ Qxe6 34. Rxe6 b5 35. Rfe1 Nf6 36. g4 bxc4 37.
bxc4 a5 38. g5 Nh5 39. Re8+ Rxe8 40. Rxe8+ Kf7 41. Ra8 Bc3 42. a3 Nf4 43. Rc8 Nd3 44. Kg3 Be5+ 45. Kg4 g6 46. h5 Bd4 47. Rc7+ Kg8 48. hxg6 hxg6 49. f4 Nb2 50. Rc6 Kf7 51.
Rc7+ Kg8 52. f5 gxf5+ 53. Kxf5 Nxc4 54. a4 Nd6+ 55. Kg6 Kf8 56. Kh7 c4 57. Rc6 Ke7 58.
g6 Kd7 59. Rc5 Bxc5 60. g7 Ne8 61. Kg6 Nxg7 0-1

[Event "*** Titled Tuesday Blitz"]
[Site "Chess.com"]
[Date "2018.07.03"]
[Round "6"]
[White "pulvettd"]
[Black "Godzillator"]
[Result "1-0"]
[WhiteElo "2461"]
[BlackElo "2330"]
[TimeControl "180+2"]
[EndTime "14:19:05 PDT"]
[Termination "pulvettd won by checkmate"]

1. d4 d5 2. c4 c6 3. Nc3 Nf6 4. e3 a6 5. Nf3 Bf5 6. cxd5 cxd5 7. Ne5 Nbd7 8. g4 Nxe5 9. gxf5 Nc6 10. Qb3 Qd7 11.
Bg2 Rd8 12. Bd2 g6 13. fxg6 hxg6 14. Na4 e6 15. Rc1 Bd6 16. Nc5 Bxc5 17. Rxc5 Ne4 18. Bxe4 dxe4 19. Bc3 Rh3 20. Qb6 Rc8 21. Ke2 Ne7 22.
Rxc8+ Qxc8 23. Qb3 Nd5 24. Bd2 Qd7 25. Rc1 Rxh2 26.
a4 Kf8 27. Rc5 Kg7 28. Qc2 e5 29. Qxe4 Nf6 30. Qxe5 Qh3 31. Be1 Rh1 32. Rc1 Qf1+ 33. Kd2 Rh5 34. Qc7 Ne4+ 35. Kc2 Qe2+ 36. Kb1 Qd3+ 37.
Qc2 Qxc2+ 38. Rxc2 Rh1 39. Rc1 f5 40. f3 Nf6 41.
Bg3 Rh3 42. Be5 Kf7 43. Rc7+ Ke6 44. Rxb7 Nd7 45. Bf4 Rxf3 46. Ra7 Rf1+ 47. Ka2 Rg1 48. Rxa6+ Kf7 49. Ra7 Ke6 50. d5+ Ke7 51. Be5 g5 52. a5 Kd8 53. Bd4 g4 54. a6 g3 55.
Ra8+ Kc7 56. d6+ Kc6 57. Rg8 Nb6 58. a7 Na8 59. Rxa8 g2 60. Rc8+ Kd7 61. a8=Q Ra1+ 62.
Kxa1 g1=Q+ 63. Ka2 Qf1 64. Qc6+ Ke6 65. d7+ Kf7 66.
d8=Q Qa1+ 67. Kxa1 f4 68. Qdd7# 1-0

[Event "*** Titled Tuesday Blitz"]
[Site "Chess.com"]
[Date "2018.07.03"]
[Round "6"]
[White "albi1999"]
[Black "Grebeniuk-S"]
[Result "1-0"]
[WhiteElo "2510"]
[BlackElo "2458"]
[TimeControl "180+2"]
[EndTime "14:19:17 PDT"]
[Termination "albi1999 won on time"]

1. d4 f5 2. Nf3 Nf6 3. g3 g6 4. Bg2 d6 5. b3 Bg7 6. Bb2 O-O 7. O-O a5 8. c4 c6 9. Nc3 Qc7 10. Qc2 Na6 11. a3 Re8 12. e4 e5 13.
Rfe1 f4 14. gxf4 exd4 15. Nxd4 Nh5 16. Nce2 Nc5 17. f5 Be5 18. Rf1 Nf4 19. Nxf4 Bxf4 20.
fxg6 hxg6 21. Ne2 Be5 22. Ng3 Ne6 23. Ne2 Qg7 24. Rab1 Bd7 25. f4 Bxb2 26. Qxb2 Qxb2 27. Rxb2 Nc5 28. Ng3 Be6 29. Rd1 Rad8 30. b4 Na4 31. Rc2 Bf7 32. bxa5 Nc5 33. Rcd2 Re6 34. e5 Ra8 35.
exd6 Nd7 36. Bh3 Rxa5 37. Bxe6 Bxe6 38. Re2 Bg4 39. Re7 Rxa3 40. Rb1 b6 41. Ne4 Rd3 42. Rxd7 Bxd7 43. Nf6+ Kg7 44. Nxd7 Rxd6 45. Nxb6 Rd4 46. Re1 Rxf4 47. Re6 c5 48. Rc6 Rg4+ 49. Kf2 Rh4 50. Kg3 Rh5 51. Nd5 Rg5+ 52. Kf4 Rf5+ 53. Kg4 Rf2 54.
h3 Rg2+ 55. Kf3 Rh2 56. Kg3 Rc2 57. Rxc5 Kh6 58. Rc6 Kg5 59. c5 Rd2 60. Rd6 Rd3+ 61. Kg2 Rd2+ 62. Kf3 Rd3+ 63. Ne3 Rc3 64. c6 Kh4 65. Rxg6 Rc1 66. Kf4 Kh5 67. Rd6 Rc3 68. Rd5+ Kh4 69. Rd6 Kh5 70. Nd5 Rxh3 71. c7 Rh4+ 72.
Ke5 Rc4 73. Rd7 Kg6 74. c8=Q 1-0

[Event "*** Titled Tuesday Blitz"]
[Site "Chess.com"]
[Date "2018.07.03"]
[Round "6"]
[White "platy3"]
[Black "Fins0905"]
[Result "1-0"]
[WhiteElo "2749"]
[BlackElo "2613"]
[TimeControl "180+2"]
[EndTime "14:19:24 PDT"]
[Termination "platy3 won by resignation"]

1. e4 d5 2. exd5 Qxd5 3. Nc3 Qd8 4. d4 Nf6 5. Nf3 Bg4 6. h3 Bxf3 7. Qxf3 c6 8. Qd3 e6 9. Bf4 Bb4 10. O-O-O Bxc3 11. Qxc3 Nd5 12. Qg3 Nxf4 13. Qxf4 Nd7 14. Be2 Qf6 15. Qxf6 Nxf6 16. Bf3 O-O-O 17. c4 Rd7 18.
Rd2 Rhd8 19. Rhd1 Ne8 20. Kc2 Nd6 21. Kc3 Kc7 22. g3 g6 23. a4 a5 24. b3 h5 25.
h4 Nf5 26. Be4 Nd6 27. Bc2 Nf5 28. Bxf5 gxf5 29. Re1 b5 30. axb5 cxb5 31. Re5 b4+ 32. Kc2 Rxd4 33. Rxd4 Rxd4 34. Rxa5 Re4 35. Kd3 e5 36. Ra7+ Kd6 37. Rxf7 Rd4+ 38. Ke3 Re4+ 39. Kf3 Rd4 40. Rxf5 Rd3+ 41. Ke4 Rxb3 42. Rxe5 Rc3 43. Kd4 Rf3 44. Rxh5 Rxf2 45. Rb5 Rg2 46. Rb6+ Kc7 47.
Rxb4 Rxg3 48. c5 Rg4+ 49. Kc3 Rg3+ 50. Kc4 Rh3 51. Kb5 Rh1 52. Rg4 Rb1+ 53. Kc4 Rh1 54.
Rg7+ Kc6 55. Rg6+ Kc7 56. Rg4 Kc6 57. Rg6+ Kc7 58. Rh6 Rc1+ 59. Kd5 Rd1+ 60. Ke4 Rc1 61. c6 Rc2 62. Kf4 Rc4+ 63. Kg3 Rc3+ 64. Kg2 Rc2+ 65.
Kf3 Rc3+ 66. Kf2 Rc1 67. h5 Rc3 68. Rg6 Rh3 69. h6 Kb6 70. Kg2 Rh5 71. Kg3 Kc7 72. Kg4 Rh1 73. Kg5 Kb6 74. Kf6 Kxc6 75. Kg7+ Kd7 76.
h7 1-0

[Event "*** Titled Tuesday Blitz"]
[Site "Chess.com"]
[Date "2018.07.03"]
[Round "6"]
[White "1b31-0"]
[Black "51616516516"]
[Result "1-0"]
[WhiteElo "2204"]
[BlackElo "2206"]
[TimeControl "180+2"]
[EndTime "14:19:41 PDT"]
[Termination "1b31-0 won by checkmate"]

1. b3 a5 2. a3 Nf6 3. Bb2 d6 4. e3 g6 5. Bxf6 exf6 6. c4 Bg7 7. Nc3 f5 8. Nge2 b6 9. Rc1 Bb7 10. d4 O-O 11. d5 c6 12. g3 cxd5 13. Nxd5 Nd7 14.
Bg2 Nc5 15. O-O Rb8 16. Nec3 Re8 17. h4 h5 18. Qd2 Nxb3 19. Qd3 Nxc1 20. Rxc1 Bxd5 21.
Nxd5 Qd7 22. Qb3 b5 23. cxb5 Rxb5 24. Qa4 Rb7 25. Qxa5 Ra7 26. Qb4 Be5 27. Nb6 Qe6 28.
Bd5 Qf6 29. Bg2 Rb8 30. Nd7 Rxb4 31. Nxf6+ Bxf6 32. axb4 Ra2 33. b5 Rb2 34. Bc6 Kg7 35.
Kg2 Bd8 36. Kf3 Bb6 37. Bd7 Bc5 38. Ra1 Kf6 39. Ra8 Ke7 40. Bc6 Rb1 41. Re8+ Kf6 42.
Rc8 Ke7 43. Rc7+ Kf6 44. Be8 Ke5 45. Re7+ Kd5 46. Bc6+ Kc4 47. Rxf7 d5 48. Rd7 d4 49. Bd5+ Kc3 50. Rc7 Rxb5 51. exd4 Kxd4 52. Bf7 Rb6 53. Rc8 Ra6 54. Rg8 Ra3+ 55. Kg2 Ke5 56. Bxg6 Ra2 57. Bxh5 Rxf2+ 58. Kh3 Rf1 59. Re8+ Kd4 60. Re2 Bd6 61. Rd2+ Ke5 62. Re2+ Kf6 63. Kg2 Rc1 64. Bf3 Rc3 65. Bd5 Rxg3+ 66. Kf2 Rh3 67. Re6+ Kf7 68. Rxd6+ Ke7 69.
Rh6 Kd7 70. Be6+ Ke7 71. Bxf5 Ra3 72. Bg4 Kf7 73. Bf3 Kg7 74. Rc6 Ra4 75. h5 Ra3 76.
Kg3 Ra4 77. Bg4 Kh7 78. Kh4 Ra5 79. Rf6 Kg7 80. Rg6+ Kh7 81. Rc6 Kg7 82. h6+ Kh7 83. Kg3 Ra4 84. Bf3 Rb4 85. Re6 Rd4 86. Be4+ Kh8 87.
Kf4 Ra4 88. Re8# 1-0

[Event "*** Titled Tuesday Blitz"]
[Site "Chess.com"]
[Date "2018.07.03"]
[Round "6"]
[White "meoluoi91"]
[Black "timator"]
[Result "1-0"]
[WhiteElo "2501"]
[BlackElo "2353"]
[TimeControl "180+2"]
[EndTime "14:19:49 PDT"]
[Termination "meoluoi91 won by resignation"]

1. d4 Nf6 2. c4 e6 3. Nc3 Bb4 4. Qc2 O-O 5. a3 Bxc3+ 6. Qxc3 b6 7. f3 d5 8. Bg5 c6 9. e3 Bb7 10. Bd3 Nbd7 11. cxd5 exd5 12. Ne2 h6 13. Bh4 Re8 14. Bf2 c5 15. O-O Rc8 16. Qd2 Qe7 17. Rac1 a6 18. Ng3 g6 19. Rfe1 Kg7 20. Bb1 b5 21. Ne2 c4 22. Ng3 Red8 23. h3 Bc6 24. e4 dxe4 25. fxe4 Nc5 26. Rcd1 Nb3 27. Qf4 b4 28. Be3 Ng8 29.
axb4 Qxb4 30. Rf1 Qe7 31. d5 Bb5 32. Rf3 f6 33. Bc2 Qe5 34. Qxe5 fxe5 35. h4 Rf8 36. h5 Rxf3 37. gxf3 Ne7 38. d6 Nc6 39. d7 Ra8 40.
Bb6 Nbd4 41. Bb1 Kf6 42. Kf2 gxh5 43. Nf5 Ke6 44. Nxd4+ exd4 45. Bxd4 Nxd4 46. Rxd4 Bxd7 47. Rxc4 Bb5 48. Rc5 Rd8 49. Ke3 Rd1 50. Ba2+ Kf6 51.
Rxh5 Kg6 52. Rh2 Re1+ 53. Kf4 h5 54. Be6 Rf1 55. Bf5+ Kh6 56. Bg4 Be8 57. Bc8 a5 58. Ke3 a4 59. f4 Re1+ 60. Kd4 Bc6 61. Bf5 Rc1 62. Ke5 Rf1 63. Rc2 Bb5 64. Rh2 Be8 65.
Be6 Rc1 66. f5 Kg5 67. Rg2+ Kh4 68. f6 Rf1 69. Bf5 Bf7 70. Kd6 Bb3 71. Ke7 Rc1 72.
e5 Rc7+ 73. Kf8 Ra7 74. e6 Ra8+ 75. Kg7 Ra7+ 76. f7 1-0

[Event "*** Titled Tuesday Blitz"]
[Site "Chess.com"]
[Date "2018.07.03"]
[Round "6"]
[White "arctic_t00"]
[Black "Flawless2018"]
[Result "1/2-1/2"]
[WhiteElo "2338"]
[BlackElo "2421"]
[TimeControl "180+2"]
[EndTime "14:19:54 PDT"]
[Termination "Game drawn by agreement"]

1. e4 e5 2. Nf3 Nc6 3. Bb5 a6 4. Bxc6 dxc6 5. O-O Bd6 6. d4 exd4 7. Qxd4 f6 8. Nc3 Ne7 9. Rd1 Be6 10. Ne2 Ng6 11. Be3 Qe7 12. a3 O-O-O 13. Qa7 Ne5 14. Nxe5 fxe5 15. Qa8+ Kd7 16. Qxb7 Bc4 17. Bc5 Ke8 18.
Qxc6+ Qd7 19. Qxd7+ Rxd7 20. Bxd6 Bxe2 21. Re1 Rxd6 22. Rxe2 Ke7 23. f3 Rb8 24. b3 c5 25.
Kf2 a5 26. a4 Rb4 27. Rae1 c4 28. Re3 Ke6 29. Rc3 Rd2+ 30. Re2 Rd4 31. h4 Rd1 32. Ke3 cxb3 33. cxb3 Rb1 34. Rc6+ Kf7 35. Rc5 R1xb3+ 36. Kf2 Rxa4 37. Rd2 Rd4 38. Rxd4 exd4 39.
Rxa5 Rb2+ 40. Kg3 d3 41. Rd5 d2 42. h5 h6 43. Kh3 g6 44. hxg6+ Kxg6 45. g4 Kf6 46.
Kg3 Ke6 47. Kf4 Rc2 48. Ke3 Rc3+ 49. Ke2 Kf6 50. Rxd2 Kg5 51. Rd3 Rc1 52. Rd5+ Kg6 53. Ke3 Ra1 54. Kf4 Ra6 55. e5 Ra4+ 56. Kg3 h5 57.
gxh5+ Kxh5 58. e6+ Kg6 59. f4 Re4 60. Re5 Rxe5 61. fxe5 Kg7 62. Kf4 Kf8 63. Ke4 Ke7 64.
Kd5 Ke8 65. Kd6 Kd8 66. Kc6 Ke7 67. Kd5 Ke8 68. Kd6 Kd8 69. Kd5 Ke7 70. Kd4 Kxe6 71.
Ke4 Ke7 72. Kf5 Kf7 73. e6+ Ke7 1/2-1/2

[Event "*** Titled Tuesday Blitz"]
[Site "Chess.com"]
[Date "2018.07.03"]
[Round "6"]
[White "OparinGrigoriy"]
[Black "David_Paravyan"]
[Result "1/2-1/2"]
[WhiteElo "2882"]
[BlackElo "2710"]
[TimeControl "180+2"]
[EndTime "14:20:01 PDT"]
[Termination "Game drawn by repetition"]

1. Nf3 d5 2. c4 e6 3. g3 Nf6 4. Bg2 Be7 5. b3 O-O 6. Bb2 c5 7. Ne5 b6 8. cxd5 exd5 9. O-O Bb7 10. d4 Nc6 11. Nxc6 Bxc6 12. Nc3 cxd4 13. Qxd4 Bc5 14. Qd2 Qe7 15. Rad1 Rad8 16. e3 Rfe8 17. Rfe1 h6 18.
Qc1 a5 19. Ne2 Ne4 20. Nf4 Bb7 21. Re2 Ba6 22. Rc2 Nxf2 23. Rxf2 Bxe3 24. Qc3 d4 25.
Qe1 Qc5 26. Nd3 Qb5 27. Kh1 Bxf2 28. Qxf2 Re3 29. Nf4 Qe8 30. h4 d3 31. Bc1 Re5 32. Bb2 Re3 33. Rd2 Re1+ 34. Kh2 Qe3 35. Qxe3 Rxe3 36.
Bf1 g5 37. hxg5 hxg5 38. Ng2 Rf3 39. Kg1 Rxg3 40. Kf2 Rg4 41. Ne1 Rf4+ 42. Kg1 Rg4+ 43. Kf2 Rf4+ 44. Kg1 a4 45. Be5 Re4 46. Bg3 axb3 47.
axb3 f6 48. Bf2 Rg4+ 49. Bg2 Rb4 50. Bh3 g4 51. Bg2 Rxb3 52. Be4 Kg7 53. Kg2 Rd7 54.
Kg3 Bb7 55. Bf5 Rd5 56. Be6 f5 57. Bxd5 Bxd5 58. Kf4 Be4 59. Ra2 Kf6 60. Bd4+ Ke6 61. Be3 Rb1 62. Bd2 Kd5 63. Ra3 Kc4 64. Rc3+ Kd5 65.
Nxd3 Rf1+ 66. Kg5 Bxd3 67. Rxd3+ Ke4 68. Re3+ Kd4 69. Rb3 Rf3 70. Rb4+ Kd3 71. Bf4 g3 72. Rb2 Ke4 73. Rb4+ Kd3 74. Rb2 Ke4 75. Rb4+ Kd3 1/2-1/2

[Event "*** Titled Tuesday Blitz"]
[Site "Chess.com"]
[Date "2018.07.03"]
[Round "6"]
[White "MikeSailer"]
[Black "Orest_Vovk"]
[Result "0-1"]
[WhiteElo "2050"]
[BlackElo "2237"]
[TimeControl "180+2"]
[EndTime "14:20:30 PDT"]
[Termination "Orest_Vovk won on time"]

1. e4 Nc6 2. d4 e5 3. Nf3 Nxd4 4.
Nxd4 exd4 5. Qxd4 Ne7 6. Bg5 Nc6 7. Qd2 Bb4 8. Bxd8 Bxd2+ 9. Nxd2 Nxd8 10. O-O-O d6 11. Bc4 Be6 12. f4 O-O 13. Bxe6 Nxe6 14. g3 Rfe8 15. Nf3 f6 16. h4 Nc5 17. e5 fxe5 18. fxe5 Ne4 19. exd6 Nxd6 20. Rhe1 Rxe1 21. Rxe1 Rf8 22. Ng5 h6 23. Ne6 Re8 24. Kd1 Re7 25. Nf4 Rd7 26. Ke2 Nf5 27. Kf2 Rd2+ 28. Re2 Rd8 29. Ne6 Rd7 30. Nc5 Rf7 31. Kg2 Nd6 32. Rf2 Re7 33. Nd3 a5 34. Nf4 Ne4 35. Re2 Kf7 36. h5 Nf6 37. Rxe7+ Kxe7 38. Kf3 Kd6 39. g4 Ke5 40. Ng6+ Kd6 41. Kf4 Nd5+ 42. Kf5 Ne3+ 43.
Kf4 Nxc2 44. Nf8 Nb4 45. Kf5 Ke7 46. Ng6+ Ke8 47. Ne5 Nxa2 48. Kg6 Kf8 49. Kh7 Nb4 50. Ng6+ Kf7 51. Ne5+ Kf6 52. Nd7+ Kg5 53. Kxg7 Nd3 54. Nf6 Nxb2 55. Ng8 a4 56. Nxh6 a3 57. Nf7+ Kxg4 58. h6 a2 59. h7 a1=Q 60. Ne5+ Kf5 61. h8=Q Kxe5 62. Qh5+ Kd4 63. Qg4+ Kc3 64. Qf3+ Kc2 65. Qe2+ Kb3 66. Qb5+ Kc3 67. Qe5+ Kb4 68. Qe7+ c5 69. Qxb7+ Kc3 70. Qf3+ Kc4 71. Qf7+ Kb4 72. Qb7+ Ka3 73. Qa7+ Na4+ 74. Kf7 Qd4 75. Ke6 Qb4 76. Kd5 c4 77. Qe3+ c3 78. Qc1+ Nb2 79. Qa1+ Kb3 80. Qa6 Qc4+ 81.
Qxc4+ Nxc4 0-1

[Event "*** Titled Tuesday Blitz"]
[Site "Chess.com"]
[Date "2018.07.03"]
[Round "6"]
[White "Quiet_Desperation"]
[Black "BlackBoarder"]
[Result "1/2-1/2"]
[WhiteElo "1869"]
[BlackElo "2240"]
[TimeControl "180+2"]
[EndTime "14:20:51 PDT"]
[Termination "Game drawn - insufficient material"]

1. e4 e6 2. d4 d5 3. Nc3 Bb4 4. exd5 exd5 5. Nf3 Nf6 6. Bg5 O-O 7. Be2 h6 8. Bh4 g5 9. Bg3 Ne4 10. O-O Nxc3 11. bxc3 Bxc3 12. Rb1 Nc6 13. Rb3 Ba5 14. Ne5 Nxe5 15. Bxe5 f6 16. Bg3 Bb6 17. f4 Bf5 18. fxg5 fxg5 19. Be5 Qe7 20. Kh1 c5 21. c3 c4 22. Rb5 Be4 23. Bf3 Bxf3 24. Rxf3 Qd7 25.
Rb1 Rxf3 26. Qxf3 Rf8 27. Qh5 Qe6 28. h3 Rf7 29. a4 Ba5 30. Rc1 Bc7 31. Re1 Bxe5 32.
Rxe5 Qd6 33. Qg4 Kg7 34. h4 Rf4 35. Qc8 Rxh4+ 36. Kg1 Rf4 37. Qxb7+ Rf7 38. Qa8 Qf6 39. Qxd5 Qf2+ 40. Kh2 Qf4+ 41. Kg1 Qc1+ 42. Kh2 Qxc3 43. Re6 Qd3 44. Qe5+ Kh7 45. Re7 Qg6 46. Rxf7+ Qxf7 47. d5 Kg6 48. d6 Qd7 49. Kg3 c3 50. Kf3 c2 51. Qc5 c1=Q 52. Qxc1 Qxd6 53. Qc2+ Kf6 54. Qh7 Qd5+ 55. Ke2 Qxg2+ 56. Ke1 Qg3+ 57. Kd1 Qg4+ 58.
Kc1 Qc4+ 59. Kb2 Qb4+ 60. Kc1 Qa3+ 61. Kd2 Qa2+ 62. Kc1 Qa1+ 63. Kd2 Qd4+ 64. Kc1 Qf4+ 65. Kb2 Qxa4 66. Qxh6+ Kf5 67. Qf8+ Kg4 68. Qc8+ Kg3 69. Qc7+ Kh3 70. Qh7+ Kg2 71. Qb7+ Kf2 72. Qf7+ Ke3 73. Qe7+ Qe4 74. Qxg5+ Kd4 75. Qd8+ Kc4 76. Qc7+ Kd5 77. Qb7+ Ke5 78. Qxa7 Qe2+ 79. Kc1 Qe1+ 80. Kc2 Qe4+ 81. Kc1 Qc4+ 82. Kb2 Qb4+ 83. Kc2 Qc4+ 84. Kd2 Qd5+ 85. Kc2 Qc6+ 86. Kb3 Qb5+ 87. Ka3 Qd3+ 88. Kb2 Qd2+ 89. Kb3 Qd1+ 90. Kb2 Qe2+ 91. Kb3 Qb5+ 92. Kc2 Kd5 93. Qa2+ Kc5 94. Qa3+ Kc6 95. Qc3+ Kd7 96. Qd3+ Qxd3+ 97. Kxd3 1/2-1/2

[Event "*** Titled Tuesday Blitz"]
[Site "Chess.com"]
[Date "2018.07.03"]
[Round "6"]
[White "attack2mateU"]
[Black "Shant_Sargsyan"]
[Result "0-1"]
[WhiteElo "2671"]
[BlackElo "2899"]
[TimeControl "180+2"]
[EndTime "14:22:39 PDT"]
[Termination "Shant_Sargsyan won by resignation"]

1. e4 e5 2. Nf3 Nc6 3. d4 exd4 4. Nxd4 Bc5 5. Nb3 Bb6 6. Nc3 Qf6 7. Qe2 Nge7 8. Be3 d6 9. O-O-O Be6 10. Nd5 Bxd5 11. exd5 Ne5 12. f4 Nc4 13. Qxc4 Bxe3+ 14. Kb1 Bb6 15. Qa4+ c6 16. dxc6 bxc6 17. Be2 O-O 18. Bf3 d5 19. g4 Ng6 20. f5 Ne5 21. Be2 Rfe8 22. h4 Rad8 23. Rdf1 Nc4 24. Bxc4 Re4 25.
g5 Qd6 26. Nd2 Rd4 27. Nf3 Rxc4 28. Qa6 Rb8 29. h5 Rf4 30. g6 fxg6 31. hxg6 h6 32. Qd3 Rf8 33. Ng5 R8xf5 34. Nf7 Rxf1+ 35. Rxf1 Rxf1+ 36. Qxf1 Qxg6 37. Ne5 Qe6 38. Nd3 Kh7 39. a3 Bd4 40. Qf8 Bf6 41. Nf4 Qe1+ 42. Ka2 Qe4 43. Nd3 h5 44. Qf7 Qg6 45. Qxa7 h4 46. Qe3 Qe4 47.
Qh3 Qc4+ 48. Kb1 Qe4 49. Ka2 g5 50. Nf2 Qxc2 51. Nd3 Qc4+ 52. Kb1 Qe4 53. Kc2 Kg6 54. Qd7 Qc4+ 55. Kd2 Qe4 56. Qxc6 h3 57. Qc8 Qg2+ 58. Kd1 h2 59. Nf4+ Kh6 60. Nxg2 h1=Q+ 61. Ne1 Qe4 62. Qh3+ Kg7 63. Nd3 g4 64. Qg3 Kg6 65. b3 Bg5 66.
a4 Be3 67. Kc2 Kf5 68. a5 Qf3 69. Qe5+ Kg6 70. Qe6+ Kg5 71. Qe7+ Kh5 72. Qh7+ Bh6 73. Qd7 g3 74. Qh3+ Kg5 75. a6 Qe2+ 76. Kc3 Bg7+ 77. Kb4 Qxd3 78. a7 Bf8+ 79. Ka5 Qc3+ 80. Ka6 Qc6+ 81.
Ka5 Qc7+ 82. Ka6 Qc6+ 83. Ka5 Bd6 84. Qh8 Bc7+ 85. Kb4 Qb6+ 86. Kc3 Qxa7 87. Qg7+ Kf5 88. Qf7+ Kg4 89. Qe6+ Kf4 90. Qf7+ Ke4 91. Qe6+ Be5+ 92.
Kc2 Qa2+ 93. Kd1 Qxb3+ 94. Ke2 Qe3+ 95. Kd1 Qd3+ 96. Kc1 Qf1+ 97. Kd2 g2 98. Qg6+ Kd4 99. Qb6+ Ke4 100. Qg6+ Kf4 101. Qh6+ Kg4 102. Qg6+ Kh4 103. Qh6+ Kg3 104. Qg5+ Kf3 105. Qh5+ Kf4 106. Qf7+ Kg5 107. Qg8+ Kh6 108. Qe6+ Qf6 109. Qh3+ Kg6 110. Qxg2+ Qg5+ 111. Qxg5+ Kxg5 0-1

[Event "*** Titled Tuesday Blitz"]
[Site "Chess.com"]
[Date "2018.07.03"]
[Round "7"]
[White "Godzillator"]
[Black "dachessmandan"]
[Result "0-1"]
[WhiteElo "2324"]
[BlackElo "2428"]
[TimeControl "180+2"]
[EndTime "14:25:48 PDT"]
[Termination "dachessmandan won by checkmate"]

1. d4 Nf6 2. c4 e6 3. Nc3 Bb4 4. Qc2 O-O 5. a3 Bxc3+ 6. Qxc3 c5 7. dxc5 Nc6 8. b4 Ne4 9. Qb3 Qf6 10. Bb2 Qxf2+ 11.
Kd1 Nd4 12. Qd3 Qxf1# 0-1

[Event "*** Titled Tuesday Blitz"]
[Site "Chess.com"]
[Date "2018.07.03"]
[Round "7"]
[White "joejan"]
[Black "1b31-0"]
[Result "0-1"]
[WhiteElo "2242"]
[BlackElo "2213"]
[TimeControl "180+2"]
[EndTime "14:26:13 PDT"]
[Termination "1b31-0 won by resignation"]

1. e4 g6 2. d4 Bg7 3. Nc3 d6 4. Bc4 a6 5. a4 b6 6. Be3 e6 7. f3 Nd7 8. h4 h6 9. Qd2 Bf6 10. g3 Bg7 11. g4 Bb7 12. O-O-O Ne7 13. Nh3 Nf6 14. g5 hxg5 15. hxg5 Nh5 16. Nf4 Nxf4 17. Rxh8+ Bxh8 18. Bxf4 Qd7 19. Qd3 Nc6 20. Be3 Nb4 21. Rh1 Nxd3+ 0-1